SA
GALESBURG GUZZLERS @ PHOENIX HOTSPUR U-21
05/20/2024
 
TOP OF THE 1ST
Columbia River Rats batting - Pitching for Niagara Falls Expos : RHP Tony Solíz
Pitching: RHP Tony Solíz
Batting: RHB Baldomero Avino 0-0: Foul Ball, location: 2F
0-1: Foul Ball, location: 2F
0-2: Ball
1-2: Ground out 5-3 (Groundball, 5)
Batting: LHB António Ramos 0-0: Ball
1-0: Ball
2-0: Ball
3-0: Called Strike
3-1: Fly out, F6 (Popup, 56)
Batting: RHB Lorenzo Rosas 0-0: Ground out 5-3 (Groundball, 56)
Top of the 1st over - 0 run(s), 0 hit(s), 0 error(s), 0 left on base; Columbia 0 - Niagara Falls 0
BOTTOM OF THE 1ST
Niagara Falls Expos batting - Pitching for Columbia River Rats : RHP Edgardo Nava
Pitching: RHP Edgardo Nava
Batting: RHB Luis Rodríguez 0-0: Swinging Strike
Single, Error in OF, E7, batter to second base
Batting: RHB Henry Womack 0-0: Called Strike
0-1: Fly out, F8 (Flyball, 8RM)
Batting: RHB Barkley B. Cooltimes 0-0: Called Strike
0-1: Ball
1-1: SINGLE (Groundball, 6MD) (infield hit)
Luis Rodríguez to third
Batting: RHB Nelson Torez 0-0: Called Strike
0-1: Ball
1-1: Ball
2-1: SINGLE (Line Drive, 89S)
Luis Rodríguez scores
Barkley B. Cooltimes to second
Batting: RHB Tony Martínez 0-0: Fielders Choice at 2nd, 3-6 (Groundball, 3)
Barkley B. Cooltimes to third
Batting: RHB António Gonzáles 0-0: Ball
1-0: SINGLE (Groundball, 4M)
Barkley B. Cooltimes scores
Tony Martínez to second
Runner from 2nd tries for 3rd, SAFE, no throw or cutoff
Batting: RHB Demeter Valverde 0-0: Called Strike
0-1: Hit by Pitch
António Gonzáles to second
Batting: RHB José Rodríguez 0-0: Ball
1-0: Foul Ball, location: 2F
1-1: Ground out 5-3 (Groundball, 5S)
Bottom of the 1st over - 2 run(s), 4 hit(s), 1 error(s), 3 left on base; Columbia 0 - Niagara Falls 2
TOP OF THE 2ND
Columbia River Rats batting - Pitching for Niagara Falls Expos : RHP Tony Solíz
Batting: RHB Miguel Delgado 0-0: Reached on error, E6 (Groundball, 6)
Batting: LHB Luis Vicenteno 0-0: Ball
1-0: Called Strike
1-1: Ball
2-1: Ball
Wild Pitch!
Miguel Delgado to second
3-1: Fly out, F8 (Flyball, 78M)
Batting: RHB Jan Gosselin 0-0: Called Strike
0-1: Called Strike
0-2: Strikes out swinging
Batting: LHB Víctor Robledo 0-0: Ball
1-0: Ball
2-0: Ball
3-0: Called Strike
3-1: Reached on error, E2 (Groundball, 2L)
Miguel Delgado to third
Batting: RHB Juan Jose Ayala 0-0: Ground out 6-3 (Groundball, 6)
Top of the 2nd over - 0 run(s), 0 hit(s), 2 error(s), 2 left on base; Columbia 0 - Niagara Falls 2
BOTTOM OF THE 2ND
Niagara Falls Expos batting - Pitching for Columbia River Rats : RHP Edgardo Nava
Batting: RHB Xing-li Wang 0-0: Called Strike
0-1: Ground out 4-3 (Groundball, 4M)
Batting: RHB Luis Rodríguez 0-0: Ball
1-0: Called Strike
1-1: Foul Ball, location: 2F
1-2: Ball
2-2: Ball
3-2: Strikes out swinging
Batting: RHB Henry Womack 0-0: Ball
1-0: Ball
2-0: Called Strike
2-1: Swinging Strike
2-2: Ball
3-2: Fly out, F8 (Line Drive, 8RXD)
Bottom of the 2nd over - 0 run(s), 0 hit(s), 0 error(s), 0 left on base; Columbia 0 - Niagara Falls 2
TOP OF THE 3RD
Columbia River Rats batting - Pitching for Niagara Falls Expos : RHP Tony Solíz
Batting: LHB Juan Montés 0-0: Called Strike
0-1: Ball
1-1: Ball
2-1: Foul Ball, location: 2F
2-2: Ground out 4-3 (Groundball, 4)
Batting: RHB Baldomero Avino 0-0: Fly out, F7 (Line Drive, 78M)
Batting: LHB António Ramos 0-0: Swinging Strike
0-1: Ball
1-1: Called Strike
1-2: Strikes out swinging
Top of the 3rd over - 0 run(s), 0 hit(s), 0 error(s), 0 left on base; Columbia 0 - Niagara Falls 2
BOTTOM OF THE 3RD
Niagara Falls Expos batting - Pitching for Columbia River Rats : RHP Edgardo Nava
Batting: RHB Barkley B. Cooltimes 0-0: SINGLE (Flyball, 3D)
Batting: RHB Nelson Torez 0-0: Called Strike
0-1: SINGLE (Groundball, 56D)
Barkley B. Cooltimes to second
Batting: RHB Tony Martínez 0-0: Ball
1-0: Swinging Strike
1-1: Swinging Strike
1-2: Strikes out swinging
Batting: RHB António Gonzáles 0-0: Ball
1-0: Foul Ball, location: 2F
1-1: Ball
2-1: Swinging Strike
2-2: Foul Ball, location: 2F
2-2: Ball
3-2: Foul Ball, location: 2F
3-2: Strikes out swinging
Nelson Torez is caught stealing 2nd base
Batter strikes out.
Bottom of the 3rd over - 0 run(s), 2 hit(s), 0 error(s), 1 left on base; Columbia 0 - Niagara Falls 2
TOP OF THE 4TH
Columbia River Rats batting - Pitching for Niagara Falls Expos : RHP Tony Solíz
Batting: RHB Lorenzo Rosas 0-0: SINGLE (Line Drive, 89S)
Batting: RHB Miguel Delgado 0-0: Ball
1-0: Called Strike
1-1: Ball
2-1: Ball
3-1: Fly out, F9 (Flyball, 9M)
Batting: LHB Luis Vicenteno 0-0: Called Strike
0-1: Ball
1-1: Ball
2-1: Swinging Strike
2-2: Strikes out looking
Batting: RHB Jan Gosselin 0-0: Called Strike
0-1: Ball
1-1: Fly out, F7 (Flyball, 78S)
Top of the 4th over - 0 run(s), 1 hit(s), 0 error(s), 1 left on base; Columbia 0 - Niagara Falls 2
BOTTOM OF THE 4TH
Niagara Falls Expos batting - Pitching for Columbia River Rats : RHP Edgardo Nava
Batting: RHB Demeter Valverde 0-0: Called Strike
0-1: Ball
1-1: Swinging Strike
1-2: Ball
2-2: Ground out 5-3 (Groundball, 56)
Batting: RHB José Rodríguez 0-0: Ball
1-0: Called Strike
1-1: Ground out 6-3 (Groundball, 6M)
Batting: RHB Xing-li Wang 0-0: Ball
1-0: Swinging Strike
1-1: Ground out 4-3 (Groundball, 4)
Bottom of the 4th over - 0 run(s), 0 hit(s), 0 error(s), 0 left on base; Columbia 0 - Niagara Falls 2
TOP OF THE 5TH
Columbia River Rats batting - Pitching for Niagara Falls Expos : RHP Tony Solíz
Batting: LHB Víctor Robledo 0-0: Ball
1-0: SOLO HOME RUN (Flyball, 9LD), Distance : 359 ft
Batting: RHB Juan Jose Ayala 0-0: Called Strike
0-1: Ball
1-1: Foul Ball, location: 2F
1-2: Strikes out swinging
Batting: LHB Juan Montés 0-0: Called Strike
0-1: Ball
1-1: Ball
2-1: Ball
3-1: Base on Balls
Batting: RHB Baldomero Avino 0-0: Called Strike
0-1: Ball
1-1: Ball
2-1: Foul Ball, location: 2F
2-2: 2-RUN HOME RUN (Flyball, 7D), Distance : 389 ft
Batting: LHB António Ramos 0-0: Fly out, F7 (Flyball, 7LM)
Batting: RHB Lorenzo Rosas 0-0: Ground out 6-3 (Groundball, 6M)
Top of the 5th over - 3 run(s), 2 hit(s), 0 error(s), 0 left on base; Columbia 3 - Niagara Falls 2
BOTTOM OF THE 5TH
Niagara Falls Expos batting - Pitching for Columbia River Rats : RHP Edgardo Nava
Batting: RHB Luis Rodríguez 0-0: Ball
1-0: Ball
2-0: Ball
3-0: Base on Balls
Batting: RHB Henry Womack 0-0: Ball
1-0: Called Strike
1-1: Sac Bunt - play at first, batter OUT! 2-4
Luis Rodríguez to second
Batting: RHB Barkley B. Cooltimes 0-0: Ball
1-0: Foul Ball, location: 2F
1-1: Ball
2-1: Called Strike
2-2: Strikes out swinging
Batting: RHB Nelson Torez 0-0: Foul Ball, location: 2F
0-1: Ball
1-1: Ball
2-1: Ground out 5-3 (Groundball, 56)
Bottom of the 5th over - 0 run(s), 0 hit(s), 0 error(s), 1 left on base; Columbia 3 - Niagara Falls 2
TOP OF THE 6TH
Columbia River Rats batting - Pitching for Niagara Falls Expos : RHP Tony Solíz
Batting: RHB Miguel Delgado 0-0: Called Strike
0-1: Ground out 5-3 (Groundball, 5L)
Batting: LHB Luis Vicenteno 0-0: Ground out 4-3 (Groundball, 4)
Batting: RHB Jan Gosselin 0-0: Foul Ball, location: 2F
0-1: Ball
1-1: Ball
2-1: SINGLE (Groundball, 5D)
Batting: LHB Víctor Robledo 0-0: Foul Ball, location: 2F
0-1: Ball
1-1: SINGLE (Flyball, 89S)
Jan Gosselin to second
Throwing error, E9
Jan Gosselin scores
Víctor Robledo to second
Batting: RHB Juan Jose Ayala 0-0: Swinging Strike
0-1: Foul Ball, location: 2F
0-2: Strikes out swinging
Top of the 6th over - 1 run(s), 2 hit(s), 1 error(s), 1 left on base; Columbia 4 - Niagara Falls 2
BOTTOM OF THE 6TH
Niagara Falls Expos batting - Pitching for Columbia River Rats : RHP Edgardo Nava
Batting: RHB Tony Martínez 0-0: Ball
1-0: Ball
2-0: Ground out 4-3 (Groundball, 4)
Batting: RHB António Gonzáles 0-0: Called Strike
0-1: Ball
1-1: Ground out 5-3 (Groundball, 5)
Batting: RHB Demeter Valverde 0-0: Ball
1-0: SOLO HOME RUN (Flyball, 78XD), Distance : 433 ft
Batting: RHB José Rodríguez 0-0: SINGLE (Groundball, 5D)
Batting: RHB Xing-li Wang 0-0: Ball
1-0: Ball
2-0: Ball
3-0: Ground out 6-3 (Groundball, 6)
Bottom of the 6th over - 1 run(s), 2 hit(s), 0 error(s), 1 left on base; Columbia 4 - Niagara Falls 3
TOP OF THE 7TH
Columbia River Rats batting - Pitching for Niagara Falls Expos : RHP Tony Solíz
Batting: LHB Juan Montés 0-0: Ball
1-0: Called Strike
1-1: Ball
2-1: Ground out 4-3 (Groundball, 34)
Batting: RHB Baldomero Avino 0-0: Ball
1-0: Ball
2-0: Ground out 6-3 (Groundball, 6)
Batting: LHB António Ramos 0-0: Ball
1-0: Ball
2-0: Ball
3-0: Base on Balls
Pinch Hitting: RHB Raúl Ortíz 0-0: Called Strike
Pickoff Throw to First - Error! E1
António Ramos to second
0-1: DOUBLE (Line Drive, 7LS)
António Ramos scores
Batting: RHB Miguel Delgado 0-0: Swinging Strike
0-1: Foul Ball, location: 2F
0-2: Ball
1-2: Strikes out looking
Top of the 7th over - 1 run(s), 1 hit(s), 1 error(s), 1 left on base; Columbia 5 - Niagara Falls 3
BOTTOM OF THE 7TH
Niagara Falls Expos batting - Pitching for Columbia River Rats : RHP Edgardo Nava
Now at 3B: Raúl Ortíz
Batting: RHB Luis Rodríguez 0-0: Swinging Strike
0-1: Foul Ball, location: 2F
0-2: Ball
1-2: Foul Ball, location: 2F
1-2: Strikes out swinging
Batting: RHB Henry Womack 0-0: Swinging Strike
0-1: Fly out, F7 (Flyball, 7M)
Batting: RHB Barkley B. Cooltimes 0-0: Swinging Strike
0-1: Called Strike
0-2: DOUBLE (Line Drive, 5L)
Batting: RHB Nelson Torez 0-0: Ball
1-0: Called Strike
1-1: Swinging Strike
1-2: Foul Ball, location: 2F
1-2: Foul Ball, location: 2F
1-2: DOUBLE (Line Drive, 7LM)
Barkley B. Cooltimes scores
Pitching: RHP Ipe Talboom
Batting: RHB Tony Martínez 0-0: Ball
1-0: Foul Ball, location: 2F
1-1: Ball
2-1: Ball
3-1: Called Strike
3-2: Foul Ball, location: 2F
3-2: Foul Ball, location: 2F
3-2: Base on Balls
Pinch Runner at 2nd José Mejía:
Batting: RHB António Gonzáles 0-0: Ball
1-0: Ball
2-0: Swinging Strike
2-1: Swinging Strike
2-2: Strikes out swinging
Bottom of the 7th over - 1 run(s), 2 hit(s), 0 error(s), 2 left on base; Columbia 5 - Niagara Falls 4
TOP OF THE 8TH
Columbia River Rats batting - Pitching for Niagara Falls Expos : RHP Tony Solíz
Now at 1B: José Mejía
Batting: LHB Luis Vicenteno 0-0: Foul Ball, location: 2F
0-1: Called Strike
0-2: Strikes out swinging
Batting: RHB Jan Gosselin 0-0: Ball
1-0: Foul Ball, location: 2F
1-1: Ball
2-1: Ball
3-1: Foul Ball, location: 2F
3-2: Ground out 6-3 (Groundball, 6M)
Batting: LHB Víctor Robledo 0-0: Called Strike
0-1: Ground out 6-3 (Groundball, 6M)
Top of the 8th over - 0 run(s), 0 hit(s), 0 error(s), 0 left on base; Columbia 5 - Niagara Falls 4
BOTTOM OF THE 8TH
Niagara Falls Expos batting - Pitching for Columbia River Rats : RHP Ipe Talboom
Pitching: RHP Valentín Montenegro
Now in LF: Ron Spence
Batting: RHB Demeter Valverde 0-0: Ball
1-0: Foul Ball, location: 2F
1-1: Ball
2-1: Ball
3-1: Ground out 5-3 (Groundball, 5)
Batting: RHB José Rodríguez 0-0: Ball
1-0: Fly out, F7 (Line Drive, 7LS)
Batting: RHB Xing-li Wang 0-0: Swinging Strike
0-1: Ball
1-1: Ball
2-1: Foul Ball, location: 2F
2-2: Strikes out swinging
Bottom of the 8th over - 0 run(s), 0 hit(s), 0 error(s), 0 left on base; Columbia 5 - Niagara Falls 4
TOP OF THE 9TH
Columbia River Rats batting - Pitching for Niagara Falls Expos : RHP Tony Solíz
Pitching: LHP Jim Unknown
Batting: RHB Juan Jose Ayala 0-0: Ground out 4-3 (Groundball, 4)
Batting: LHB Juan Montés 0-0: Foul Ball, location: 2F
0-1: Foul Ball, location: 2F
0-2: Strikes out swinging
Batting: RHB Baldomero Avino 0-0: Ball
1-0: Swinging Strike
1-1: Swinging Strike
1-2: Foul Ball, location: 2F
1-2: Strikes out swinging
Top of the 9th over - 0 run(s), 0 hit(s), 0 error(s), 0 left on base; Columbia 5 - Niagara Falls 4
BOTTOM OF THE 9TH
Niagara Falls Expos batting - Pitching for Columbia River Rats : RHP Valentín Montenegro
Pitching: LHP Manabu Kato
Pinch Hitting: SHB Janghyun Sam 0-0: Ball
1-0: Ball
2-0: Foul Ball, location: 2F
2-1: Called Strike
2-2: Ground out 3-1 (Groundball, 34)
Batting: RHB Henry Womack 0-0: Ball
1-0: Called Strike
1-1: Called Strike
1-2: Ball
2-2: Ball
3-2: Foul Ball, location: 2F
3-2: Foul Ball, location: 2F
3-2: Base on Balls
Batting: RHB Barkley B. Cooltimes 0-0: Called Strike
0-1: Ball
1-1: Swinging Strike
1-2: Foul Ball, location: 2F
1-2: Foul Ball, location: 2F
1-2: SINGLE (Flyball, 8LS)
Henry Womack to second
Pinch Hitting: SHB Orlando Miranda 0-0: Ball
1-0: Foul Ball, location: 2F
1-1: Swinging Strike
1-2: Strikes out swinging
Batting: RHB Tony Martínez 0-0: Swinging Strike
0-1: Ground out 6-3 (Groundball, 6)
Bottom of the 9th over - 0 run(s), 1 hit(s), 0 error(s), 2 left on base; Columbia 5 - Niagara Falls 4
This league is powered by Out of the Park Baseball, the baseball management simulation game for PC, Mac and Linux
Monday, October 3rd, 2016 - OOTP Baseball 16.9 Build 39